 Dungeon Crawl Stone Soup version 0.27.0-1-g7a089689b8 (webtiles) character file.

Game seed: 7016209477801311604

4701 theswoord the Martial Artist (level 10, -8/82 HPs)
             Began as a Demonspawn Gladiator on Aug 5, 2021.
             Was a Priest of Okawaru.
             Mangled by a large slime creature (22 damage)
             ... on level 9 of the Dungeon.
             The game lasted 00:15:58 (10447 turns).

theswoord the Martial Artist (DsGl)                Turns: 10447, Time: 00:15:59

Health: -8/82      AC:  6    Str: 13 (16) XL:     10   Next: 21%
Magic:  22/22      EV: 13    Int: 10      God:    Okawaru [***...]
Gold:   59         SH:  4    Dex: 16      Spells: 9/9 levels left

rFire    + . .     SeeInvis .     - Unarmed
rCold    x . .     Faith    .   q - +0 buckler
rNeg     . . .     Spirit   .   A - +1 leather armour of Abroquun {rF+ rC- Regen+ Slay+5}
rPois    .         Reflect  .   (helmet restricted)
rElec    +         Harm     .   o - +1 cloak
rCorr    .         Rampage  .   (gloves unavailable)
Will     .....                  (boots unavailable)
Stlth    +.........             (no amulet)
HPRegen  1.23/turn              u - ring of magical power
MPRegen  0.18/turn              x - ring of wizardry

@: no status effects
A: antennae 1, claws 3, hooves 3, powered by death 1, deterioration 1,
electricity resistance, evolution 1
a: Renounce Religion, Heroism


You were on level 9 of the Dungeon.
You worshipped Okawaru.
Okawaru was most pleased with you.
You visited 2 branches of the dungeon, and saw 10 of its levels.

You collected 584 gold pieces.
You spent 525 gold pieces at shops.

Inventory:

Hand Weapons
 a - a +0 quarterstaff
Missiles
 d - 3 throwing nets (quivered)
 t - a curare-tipped dart
Armour
 b - a +0 leather armour
 c - a +1 helmet
 g - a +0 chain mail
 o - a +1 cloak (worn)
 q - a +0 buckler (worn)
 v - a +0 plate armour
 A - the +1 leather armour of Abroquun (worn) {rF+ rC- Regen+ Slay+5}
   (You bought it in a shop on level 9 of the Dungeon)

   Slay:      It affects your accuracy & damage with ranged weapons and melee
   (+5).
   rF:        It protects you from fire.
   rC:        It makes you vulnerable to cold.
   Regen:     It increases your rate of health regeneration.
Jewellery
 l - a +6 ring of intelligence
 u - a ring of magical power (left claw)
 x - a ring of wizardry (right claw)
Wands
 m - a wand of acid (9)
 p - a wand of iceblast (1)
 w - a wand of paralysis (6)
Scrolls
 e - 2 scrolls of holy word
 h - 3 scrolls of enchant armour
 j - a scroll of immolation
 k - 3 scrolls of teleportation
 r - a scroll of enchant weapon
 s - a scroll of magic mapping
 y - a scroll of identify
Potions
 f - a potion of attraction
 i - a potion of magic
 n - a potion of lignification


   Skills:
 + Level 8.5 Fighting
 - Level 4.4 Staves
 - Level 1.7 Throwing
 + Level 4.0 Armour
 + Level 4.9 Dodging
 * Level 2.2 Shields
 + Level 10.3 Unarmed Combat
 + Level 4.1 Invocations


You had 9 spell levels left.
You didn't know any spells.
Your spell library was empty.

Dungeon Overview and Level Annotations

Branches:
Dungeon (9/15)             Temple (1/1) D:5
   Lair: D:8-11         Orc: D:9-12

Altars:
Ashenzari
Cheibriados
Dithmenos
Elyvilon
Fedhas
Gozag
Kikubaaqudgha
Nemelex Xobeh
Okawaru
Qazlal
Ru
Sif Muna
Trog
Uskayaw
Vehumet
Xom
Zin
The Shining One

Shops:
D:4 [   D:9 [

Annotations:
D:4 2 transporters


Innate Abilities, Weirdness & Mutations

You have a pair of small antennae on your head.
You have claws for hands.
You have hooves in place of feet.
You regenerate a little health from kills.
Your body sometimes deteriorates upon taking damage.
You are resistant to electric shocks. (rElec)
You evolve.


Message History

Attack: -) Claws
Press: ? - help, Dir - move target, f - you
Okay, then.
Aiming: Corrosive Bolt
Press: ? - help, Shift-Dir - straight line, f - large slime creature
Aim: a large slime creature (lightly wounded, 94% to hit)
The bolt of acid hits the large slime creature!
The large slime creature is splashed with acid.
The large slime creature is lightly wounded.
You scratch the large slime creature.
The large slime creature is moderately wounded.
You mangle the large slime creature!! You kick the large slime creature.
The large slime creature is heavily wounded.
The large slime creature hits you!!
* * * LOW HITPOINT WARNING * * *
Your body deteriorates!
You feel weakened.
You claw the large slime creature! You kick the large slime creature.
The large slime creature is severely wounded.
The large slime creature hits you!!
* * * LOW HITPOINT WARNING * * *
You feel better.
The large slime creature closely misses you.
Aiming: Corrosive Bolt
Press: ? - help, Shift-Dir - straight line, f/p - large slime creature
Aim: a large slime creature (severely wounded, 94% to hit)
The bolt of acid hits the large slime creature.
The large slime creature is splashed with acid.
The acid corrodes the large slime creature!
The large slime creature is severely wounded.
The large slime creature hits you!
* * * LOW HITPOINT WARNING * * *
Your body deteriorates!
You feel weakened.
You completely miss the large slime creature.
You kick the large slime creature!
The large slime creature is severely wounded.
The large slime creature closely misses you.
You mangle the large slime creature!! You kick the large slime creature.
The large slime creature is almost dead.
The large slime creature hits you!!
You die...

####.......## ## #.......#
...##†...### ##.###.......#
..#..#####...#............#
..#..#####...........#
...##'...#######.###.#
####.......## #.# #J#
#...♣♣♣...# #.# #.#
##..♣♣.♣♣..## #J# #.#
#...♣...♣...# #@# #.#
#..♣♣...♣♣..# #.###.#
#..♣.._..♣..# #.....#
#..♣.....♣..# #..####
##.........## #..#
###.....### #..# #######
#..# ##.# #..###### #..#
#.......###


You could see a large slime creature (corroded).

Vanquished Creatures
  Pikel (D:6)
  Psyche (D:8)
  A hornet (D:9)
  A slime creature (D:9)
  Menkaure (D:7)
  2 water moccasins
  An ice beast (D:5)
  2 black bears
  An orc warrior (D:6)
  2 sky beasts
  A necrophage (D:7)
  3 ogres
  2 centaurs
  2 kobold brigands
  2 lemures (D:6)
  3 bullfrogs
  2 gnoll sergeants (D:8)
  3 scorpions
  4 killer bees (D:8)
  A howler monkey (D:9)
  4 wights (D:9)
  A crimson imp (D:4)
  4 centaur zombies
  A jelly (D:5)
  A bullfrog zombie (D:5)
  3 orc priests
  3 hounds
  2 bullfrog skeletons (D:6)
  5 centaur skeletons
  Crazy Yiuf (D:7)
  A gnoll shaman (D:3)
  An orc wizard (D:4)
  A scorpion zombie (D:5)
  4 iguanas
  2 hound zombies (D:5)
  2 hound skeletons
  A howler monkey skeleton (D:7)
  5 adders
  11 gnolls
  3 white imps
  6 worms
  4 dart slugs
  18 orcs
  5 ball pythons
  2 bats
  4 endoplasms
  4 giant cockroaches
  2 goblins (D:4)
  8 hobgoblins
  17 jackals
  15 kobolds
  5 quokkas
  4 frilled lizards
  10 rats
196 creatures vanquished.

Vanquished Creatures (others)
  A yak (D:5)
  A hound (D:5)
  An iguana (D:5)
  An adder (D:5)
  A jackal (D:5)
5 creatures vanquished.

Grand Total: 201 creatures vanquished

Notes
Turn   | Place    | Note
-------+----------+-------------------------------------------
     0 | D:1      | theswoord the Demonspawn Gladiator began the quest for the
                  | Orb.
     0 | D:1      | Reached XP level 1. HP: 16/16 MP: 1/1
   315 | D:1      | Gained mutation: You have sharp fingernails. [demonic
                  | ancestry]
   315 | D:1      | Reached XP level 2. HP: 17/22 MP: 2/2
   905 | D:1      | Reached XP level 3. HP: 27/27 MP: 3/3
  1790 | D:2      | Gained mutation: You have large cloven feet. [demonic
                  | ancestry]
  1790 | D:2      | Reached XP level 4. HP: 26/33 MP: 4/4
  1791 | D:2      | Reached skill level 8 in Unarmed Combat
  1791 | D:2      | Gained mutation: You regenerate a little health from kills.
                  | [demonic ancestry]
  1791 | D:2      | Reached XP level 5. HP: 37/47 MP: 5/5
  2108 | D:2      | Found a faded altar of an unknown god.
  2846 | D:3      | Reached XP level 6. HP: 19/54 MP: 6/6
  3616 | D:4      | Gained mutation: You have a pair of small antennae on your
                  | head. [demonic ancestry]
  3616 | D:4      | Reached XP level 7. HP: 49/60 MP: 7/7
  3694 | D:4      | Found Tybby's Antique Armour Emporium.
  3783 | D:4      | Reached skill level 1 in Armour
  3785 | D:4      | Found a stormy altar of Qazlal.
  3785 | D:4      | Found a transporter.
  3852 | D:4      | Found a transporter.
  3909 | D:4      | Found a bloodstained altar of Trog.
  4237 | D:5      | Entered Level 5 of the Dungeon
  4249 | D:5      | Killed a yak
  4276 | D:5      | Reached skill level 9 in Unarmed Combat
  4708 | D:5      | Gained mutation: You have hoof-like feet. [demonic
                  | ancestry]
  4708 | D:5      | Reached XP level 8. HP: 44/67 MP: 8/8
  5033 | D:5      | Found a shimmering altar of Xom.
  5194 | D:5      | Found a staircase to the Ecumenical Temple.
  5325 | Temple   | Entered the Ecumenical Temple
  5371 | Temple   | Became a worshipper of Warmaster Okawaru
  5698 | D:6      | Found an opulent altar of Gozag.
  5896 | D:6      | Reached * piety under Okawaru
  6078 | D:6      | Reached skill level 1 in Invocations
  6080 | D:6      | Gained mutation: You have very sharp fingernails. [demonic
                  | ancestry]
  6080 | D:6      | Reached XP level 9. HP: 55/74 MP: 9/9
  6495 | D:7      | Noticed Pikel
  6524 | D:6      | Gained mutation: Your body sometimes deteriorates upon
                  | taking damage. [potion of mutation]
  6524 | D:6      | Gained mutation: You are resistant to electric shocks.
                  | (rElec) [potion of mutation]
  6524 | D:6      | Gained mutation: You sometimes lose the ability to read
                  | scrolls when taking damage. [potion of mutation]
  6533 | D:6      | Killed Pikel
  6768 | D:7      | Reached ** piety under Okawaru
  6799 | D:7      | Reached skill level 10 in Unarmed Combat
  7086 | D:7      | Noticed Menkaure
  7090 | D:7      | Killed Menkaure
  7292 | D:7      | Lost mutation: You sometimes lose the ability to read
                  | scrolls when taking damage. [potion of mutation]
  7292 | D:7      | Gained mutation: You evolve. [potion of mutation]
  7292 | D:7      | Gained mutation: You have claws for hands. [potion of
                  | mutation]
  7589 | D:7      | Found a runed translucent door.
  7590 | D:7      | Noticed Crazy Yiuf
  7852 | D:7      | Killed Crazy Yiuf
  8860 | D:8      | Noticed Psyche
  8872 | D:8      | Killed Psyche
  9021 | D:8      | Reached skill level 1 in Shields
  9128 | D:8      | Gained mutation: You have hooves in place of feet. [demonic
                  | ancestry]
  9128 | D:8      | Reached XP level 10. HP: 71/81 MP: 12/12
  9987 | D:9      | Found Ciokhliw's Armour Shoppe.
  9991 | D:9      | Bought the +1 leather armour of Abroquun {rF+ rC- Regen+
                  | Slay+5} for 525 gold pieces
 10092 | D:9      | Found a shadowy altar of Dithmenos.
 10147 | D:9      | Found a hide-covered altar of Uskayaw.
 10433 | D:9      | Reached *** piety under Okawaru
 10447 | D:9      | Mangled by a large slime creature

Skill      XL: |  1  2  3  4  5  6  7  8  9 10 |
---------------+-------------------------------+-----
Staves         | 3 4 |  4.4
Fighting       | 6 7 8 |  8.5
Unarmed Combat | 8 9 10 | 10.3
Armour         | 1 2 3 4 |  4.0
Dodging        | 3 4 |  4.9
Invocations    | 1 3 4 |  4.1
Shields        | 1 2 |  2.2
Throwing       | |  1.7

Action                   |  1- 3 |  4- 6 |  7- 9 | 10-12 || total
-------------------------+-------+-------+-------+-------++-------
Melee: Quarterstaff      |   102 |       |       |       ||   102
       Unarmed           |       |   148 |   297 |    42 ||   487
       Kick              |       |    39 |    98 |    23 ||   160
       Punch             |       |     6 |    18 |       ||    24
Evoke: Wand              |       |       |     3 |     3 ||     6
  Use: Scroll            |     3 |     2 |     5 |     2 ||    12
       Potion            |       |     4 |     6 |     1 ||    11
Armor: Leather armour    |     8 |       |       |       ||     8
       Chain mail        |    50 |    62 |   123 |       ||   235
       Plate armour      |       |       |    50 |     8 ||    58
Dodge: Dodged            |    68 |    31 |   153 |    15 ||   267
Block: Buckler           |       |       |     5 |     6 ||    11

Levels and vault maps discovered:
D:1:      lemuel_arrival_funnel, layout_basic
D:2:      layout_basic, hellmonk_ecumenical_altar_blasted
D:3:      layout_basic, minmay_cupped
D:4:      gammafunk_steamed_eel, layout_basic, amcnicky_altar_gilded,
          trog_hazing_becter, serial_shops, shop, minmay_fire_ice_demons
D:5:      layout_cave_pools, xom_confusion_cloud, temple_hall,
          minmay_statues_item
D:6:      layout_loops_corners, nicolae_gozag_cash_rules_everything_around_me,
          minmay_misc_feat_alley
D:7:      layout_loops_corners, uniq_crazy_yiuf_cottage, uniq_pikel,
          uniq_menkaure
D:8:      layout_gridville, uniq_psyche
D:9:      layout_loops_ring, mainiacjoe_overflow_alcove_4,
          mainiacjoe_overflow_two_lobes, serial_shops, nicolae_shop_behind_doors
Temple:   nicolae_temple_hex_pool
